Map: Acid Plant LE

Players

Optimus - Winner!

  • Race: Terran Terran
  • Spawn Location: 5:00

Light

  • Race: Protoss Protoss
  • Spawn Location: 11:00

Event: WCS Leipzig 2018

VOD

Have the link to the VOD?

Description

Time

  • Played on: Jan. 26, 2018, 7:31 a.m.
  • Length: 5:51

All games in this series

Show
View Real Time Build Order
Export as new Build Order

Optimus Terran - Winner!

Build Orders: Gas First Reaper Expand, Liberator Opening, Reaper Expand 

Get SALT Encoding   

  12  0:00  SCV  
  13  0:12  SCV  
  14  0:17  Supply Depot  
  14  0:25  SCV  
  15  0:29  Refinery  
  15  0:38  SCV  
  16  0:44  Barracks  
  16  0:50  SCV  
  17  1:03  SCV  
  18  1:15  SCV  
  19  1:32  Orbital Command, Reaper  
  20  1:44  Command Center  
  20  1:55  Factory  
  20  2:00  SCV  
  21  2:06  Barracks Reactor  
  21  2:09  Supply Depot  
  21  2:13  SCV  
  22  2:18  Refinery  
  22  2:25  SCV  
  23  2:37  SCV  
  23  2:43  Starport  
  24  2:47  Hellion x2  
  24  2:49  Marine  
  30  2:51  SCV  
  30  2:58  Orbital Command  
  30  3:07  Marine  
  30  3:11  Hellion  
  30  3:12  Hellion  
  35  3:18  SCV  
  35  3:19  Medivac  
  38  3:24  SCV  
  38  3:25  Marine  
  40  3:31  Supply Depot  
  40  3:37  SCV  
  40  3:39  Hellion  
  40  3:40  Hellion  
  45  3:41  SCV, Liberator  
  45  3:45  Barracks Tech Lab  
  46  3:52  SCV  
  46  3:53  SCV, Supply Depot  
  51  4:03  Marine  
  51  4:04  SCV  
  51  4:05  SCV  
  54  4:13  Barracks  
  54  4:17  SCV  
  55  4:18  Barracks  
  55  4:19  Factory Tech Lab  
  55  4:22  SCV  
  56  4:28  Marauder  
  56  4:29  SCV  
  59  4:34  SCV  
  58  4:41  SCV  
  58  4:46  SCV  
  58  4:48  Engineering Bay  
  58  4:49  Marine  
  58  4:53  SCV  
  58  4:58  SCV  
  58  5:02  Bunker  
  58  5:05  SCV  
  55  5:10  SCV, Marauder, Siege Tank  
  55  5:11  Marine x2  
  55  5:13  Barracks Tech Lab, Starport Reactor  
  59  5:17  Supply Depot  
  59  5:20  Barracks  
  59  5:24  Barracks  
  59  5:29  SCV x2, Marine  
  59  5:32  Supply Depot  
  68  5:44  Refinery  
  68  5:46  Supply Depot  
Show
View Real Time Build Order
Export as new Build Order

Light Protoss 

Build Orders: 1 Gate Expand, Blink Stalkers 

Get SALT Encoding   

  12  0:00  Probe  
  13  0:12  Probe  
  14  0:17  Pylon  
  14  0:24  Probe (Chrono Boost)  
  16  0:37  Probe (Chrono Boost)  
  16  0:39  Gateway  
  16  0:43  Probe (Chrono Boost)  
  16  0:48  Assimilator  
  17  0:52  Probe  
  18  1:04  Probe  
  19  1:16  Probe  
  20  1:27  Nexus  
  20  1:31  Probe  
  21  1:42  Cybernetics Core  
  21  1:47  Probe  
  21  1:53  Pylon  
  22  1:57  Assimilator  
  22  2:01  Probe (Chrono Boost)  
  23  2:13  Probe (Chrono Boost)  
  23  2:15  Stalker (Chrono Boost)  
  24  2:19  Probe (Chrono Boost), Warp Gate  
  27  2:27  Probe  
  28  2:31  Twilight Council  
  28  2:39  Probe  
  28  2:42  Probe  
  30  2:45  Stalker  
  32  2:51  Probe  
  32  2:54  Probe  
  34  2:59  Blink (Chrono Boost)  
  34  3:03  Probe  
  35  3:06  Probe  
  36  3:15  Probe, Stalker  
  39  3:22  Pylon  
  39  3:23  Probe  
  40  3:28  Probe  
  41  3:35  Probe  
  41  3:40  Probe  
  41  3:41  Gateway  
  43  3:43  Gateway  
  43  3:47  Probe  
  44  3:51  Pylon  
  44  3:52  Probe  
  45  3:58  Robotics Facility  
  45  3:59  Probe  
  46  4:04  Probe  
  46  4:07  Assimilator  
  47  4:11  Probe  
  47  4:16  Probe  
  49  4:23  Probe, Stalker  
  30  4:48  Probe x2 (Chrono Boost)  
  30  4:52  Stalker  
  20  4:53  Stalker x2  
  20  4:57  Probe (Chrono Boost)  
  20  4:59  Probe (Chrono Boost)  
  20  5:16  Stalker x3  
  25  5:22  Probe  
  26  5:30  Observer  
  26  5:38  Probe  
Tags
 
Add a new tag
Caveats
  • Supply blocks, unpowered buildings, or Contaminate may cause inaccurate times.
  • Supply counts are checked every 10 seconds.